 Dungeon Crawl Stone Soup version 0.30-a0-174-gbc10bd73c2 (webtiles) character file.

Game seed: 14309674425922952104

33 qw the Chopper (level 3, -2/23 HPs)
             Began as a Gargoyle Fighter on Oct 1, 2022.
             Slain by a gnoll
             ... wielding a +0 halberd
              (8 damage)
             ... on level 2 of the Dungeon.
             The game lasted 00:00:17 (855 turns).

qw the Chopper (Gargoyle Fighter)                    Turns: 855, Time: 00:00:18

Health: -2/23      AC: 10    Str: 21    XL:     3   Next: 29%
Magic:  3/3        EV:  9    Int:  8    God:
Gold:   47         SH:  4    Dex:  9    Spells: 2/2 levels left

rFire   . . .      SeeInvis .    Y - +0 war axe
rCold   . . .      Faith    .    c - +0 buckler
rNeg    + . .      Spirit   .    b - +0 scale mail
rPois   inf        Reflect  .    (no helmet)
rElec   +          Harm     .    (no cloak)
rCorr   .          Rampage  .    (no gloves)
Will    .....                    (no boots)
Stlth   ..........               (no amulet)
HPRegen 0.23/turn                (no ring)
MPRegen 0.08/turn                (no ring)

@: no status effects
A: sickness immunity, AC +3, negative energy resistance 1, electricity
resistance, torment resistance 1, petrification resistance
a: no special abilities


You were on level 2 of the Dungeon.
You visited 1 branch of the dungeon, and saw 2 of its levels.

You collected 47 gold pieces.


Innate Abilities, Weirdness & Mutations

You are immune to sickness and miasma.
Your stone body is resilient. (AC +3)
You are immune to poison.
You resist negative energy. (rN+)
You are resistant to electric shocks. (rElec)
You are resistant to unholy torment.
You are immune to petrification.


   Skills:
 - Level 3.2 Fighting
 + Level 3.3 Axes
 - Level 3.2 Armour
 - Level 3.2 Shields


You had 2 spell levels left.
You didn't know any spells.
Your spell library was empty.

Inventory:

Hand Weapons
 e - a +0 club
 Y - a +0 war axe (weapon)
Armour
 b - a +0 scale mail (worn)
 c - a +0 buckler (worn)
Scrolls
 h - a scroll of teleportation
Potions
 a - a potion of haste {unknown}
 d - 2 potions of might
 f - a potion of flight {unknown}
 g - 2 potions of curing {unknown}
 i - a potion of brilliance {unknown}

Dungeon Overview and Level Annotations

Branches:
Dungeon (2/15)

Altars:

Shops:
D:1 *


Message History

The hobgoblin barely misses you. You block the gnoll's attack. x2
The hobgoblin hits you but does no damage.
You closely miss the gnoll.
The gnoll is moderately wounded.
You hit the hobgoblin but do no damage. The hobgoblin closely misses you.
The gnoll barely misses you.
You hit the gnoll but do no damage.
The gnoll is moderately wounded.
You closely miss the hobgoblin. You block the hobgoblin's attack.
You block the gnoll's attack.
You slash the gnoll!
You kill the gnoll!
You closely miss the hobgoblin.
The hobgoblin hits you but does no damage.
The gnoll hits you from afar with a +0 halberd.
The hobgoblin barely misses you. The gnoll hits you but does no damage.
You hit the gnoll.
The gnoll is lightly wounded.
You hit the hobgoblin. The gnoll hits you but does no damage.
The hobgoblin barely misses you. The gnoll barely misses you.
You barely miss the hobgoblin.
The hobgoblin is almost dead.
You slash the gnoll! The gnoll hits you with a +0 flail.
The hobgoblin misses you. The gnoll barely misses you.
The gnoll hits you from afar with a +0 halberd!
The hobgoblin hits you. The gnoll hits you but does no damage.
You closely miss the gnoll.
The gnoll is almost dead.
You closely miss the hobgoblin. The gnoll hits you with a +0 flail.
The hobgoblin hits you but does no damage.
You block the gnoll's attack.
You hit the gnoll.
You kill the gnoll!
You hit the hobgoblin.
You kill the hobgoblin!
The gnoll hits you from afar with a +0 halberd!
You die...

# ...... ..... ###
.## .... #.. ..# ...
#.###..# .g #.#....#
#g #.#.#..#
...###)####......####
.....!.@............+
...###.######....####
#. #.#.## .. #.###
### #.# ###.####
#......# ###.#.##(# #
#........# ##


You could see 2 gnolls.

Vanquished Creatures
  2 gnolls (D:2)
  A dart slug (D:1)
  3 ball pythons
  An endoplasm (D:1)
  A giant cockroach (D:2)
  5 goblins
  2 hobgoblins (D:2)
  3 jackals (D:1)
  A bat (D:1)
  A frilled lizard (D:1)
  A kobold (D:2)
  A rat (D:1)
22 creatures vanquished.

Notes
Turn   | Place    | Note
-------+----------+-------------------------------------------
     0 | D:1      | qw the Gargoyle Fighter began the quest for the Orb.
     0 | D:1      | Reached XP level 1. HP: 14/14 MP: 1/1
     0 | D:1      | 0 ||| qw: Version: 0.2-a-13-gfc7b4b4
     0 | D:1      | 0 ||| qw: Game counter: 1916
     0 | D:1      | 0 ||| qw: Always use a shield: true
     0 | D:1      | 0 ||| qw: God list: Okawaru
     0 | D:1      | 0 ||| qw: Allow faded altars: false
     0 | D:1      | 0 ||| qw: Do Orc after D:15 true
     0 | D:1      | 0 ||| qw: Do second Lair branch before Depths: true
     0 | D:1      | 0 ||| qw: Lair rune preference: random
     0 | D:1      | 0 ||| qw: Plans: Normal, Zot:1-4, God:TSO, Crypt, Tomb,
                  | Pan, Slime:5, Hells, Abyss, Orb
     0 | D:1      | 0 ||| PLANNING D:1-11
   110 | D:1      | 110 ||| Stepping ~*~*~tactically~*~*~ (stealth).
   111 | D:1      | 111 ||| Stepping ~*~*~tactically~*~*~ (stealth).
   112 | D:1      | 112 ||| Stepping ~*~*~tactically~*~*~ (stealth).
   123 | D:1      | Reached XP level 2. HP: 19/19 MP: 2/2
   233 | D:1      | Found Haptoofe's General Store.
   243 | D:1      | 243 ||| SHOPLISTING +0 helmet (49 gold, have 25).
   243 | D:1      | 243 ||| SHOPLISTING +0 pair of boots of flying (126 gold,
                  | have 25).
   243 | D:1      | 243 ||| SHOPLISTING +2 pair of gloves of infusion (236
                  | gold, have 25).
   243 | D:1      | 243 ||| SHOPLISTING potion of lignification (33 gold, have
                  | 25).
   243 | D:1      | 243 ||| SHOPLISTING potion of mutation (88 gold, have 25).
   540 | D:1      | 540 ||| Stepping ~*~*~tactically~*~*~ (stealth).
   548 | D:1      | Found a faded altar of an unknown god.
   571 | D:1      | 571 ||| READING scroll labelled GEL PEORAOS.
   574 | D:1      | 574 ||| READING scroll labelled CYXEACZ LEFUKH.
   575 | D:1      | 575 ||| READING scroll labelled JIGREL KADOBB.
   787 | D:2      | Reached skill level 3 in Axes
   787 | D:2      | 787 ||| Stepping ~*~*~tactically~*~*~ (stealth).
   797 | D:2      | Reached XP level 3. HP: 23/23 MP: 3/3
   842 | D:2      | 842 ||| Stepping ~*~*~tactically~*~*~ (hiding).
   855 | D:2      | Slain by a gnoll

Levels and vault maps discovered:
D:1:      shiori_arrival_maze, layout_basic, serial_shops, shop,
          dreamdust_ecumenical_altar_grove
D:2:      layout_loops_corners

Skill      XL: |  1  2 |
---------------+-------+-----
Axes           | 2 3 |  3.3
Fighting       | |  3.2
Armour         | |  3.2
Shields        | |  3.2

Action                   || total
-------------------------++-------
Melee: War axe           ||    53
  Use: Scroll            ||     3
Armor: Scale mail        ||    30
Dodge: Dodged            ||    25
Block: Buckler           ||     8

Table legend:
 A = Non-vault XP
 B = Vault XP
 C = Vault XP percentage of total XP
 D = Non-vault monster count
 E = Vault monster count
 F = Vault count percentage of total count
                 A         B        C        D         E       F
            +---------+---------+-------+---------+---------+-------
      Total |      61 |       3 |   4.7 |      20 |       2 |   9.1
            +---------+---------+-------+---------+---------+-------
        D:1 |      24 |       3 |  11.1 |      12 |       2 |  14.3
        D:2 |      37 |       0 |   0.0 |       8 |       0 |   0.0
            +---------+---------+-------+---------+---------+-------
